 Dungeon Crawl Stone Soup version 0.18.1-8-gdd0e5ea (webtiles) character file.

3203 Ery the Protected (level 9, -4/78 HPs)
             Began as a Minotaur Berserker on June 7, 2016.
             Was an Elder of Trog.
             Killed from afar by MessengerOfRage's ghost (22 damage)
             ... with a spray of energy
             ... on level 8 of the Dungeon.
             The game lasted 00:45:41 (7846 turns).

Ery the Protected (Minotaur Berserker)              Turns: 7846, Time: 00:45:42

Health: -4/78      AC: 15    Str: 24    XL:     9   Next: 65%
Magic:  8/8        EV:  9    Int:  4    God:    Trog [****..]
Gold:   397        SH:  0    Dex: 11    Spells: 0 memorised, 8 levels left

rFire  . . .     SeeInvis .     k - +0 battleaxe
rCold  . . .     Gourm    .     t - +0 plate armour
rNeg   . . .     Faith    .     (shield currently unavailable)
rPois  .         Spirit   .     (helmet restricted)
rElec  .         Dismiss  .     (no cloak)
rCorr  .         Reflect  .     (no gloves)
SustAt .         Harm     .     (no boots)
MR     ++...                    (no amulet)
Stlth  ..........               (no ring)
                                (no ring)

@: confused, lethally poisoned (-4 -> -13), exhausted, regenerating, slowed,
very slow, very resistant to hostile enchantments, extremely unstealthy
A: retaliatory headbutt, horns 2
a: Berserk, Trog's Hand, Brothers in Arms, Burn Spellbooks, Renounce Religion


You were on level 8 of the Dungeon.
You worshipped Trog.
Trog was greatly pleased with you.
You were not hungry.

You visited 1 branch of the dungeon, and saw 8 of its levels.

You collected 397 gold pieces.

Inventory:

Hand Weapons
 k - a +0 battleaxe (weapon)
 y - a +0 hand axe of chopping
Armour
 a - a +2 chain mail of cold resistance
 t - a +0 plate armour (worn)
Scrolls
 b - 3 scrolls of enchant armour {unknown}
 d - 2 scrolls of magic mapping {unknown}
 g - a scroll of recharging
 h - 2 scrolls of fog
 j - 2 scrolls of teleportation
 m - a scroll of immolation
 n - 6 scrolls of remove curse
 x - 2 scrolls of fear {unknown}
Potions
 e - 2 potions of brilliance
 f - 3 potions of heal wounds
 l - a potion of cancellation
 p - a potion of lignification
 q - a potion of might
 r - 3 potions of flight
 u - a potion of berserk rage
 w - a potion of magic
 z - 2 potions of curing
Comestibles
 c - 3 bread rations
 i - a meat ration
 o - 5 chunks of flesh


   Skills:
 + Level 6.6 Fighting
 * Level 8.8 Axes
 * Level 11.6 Armour
 * Level 5.5 Dodging
 + Level 1.2 Stealth


You had 8 spell levels left.
You didn't know any spells.

Dungeon Overview and Level Annotations

Branches:
Dungeon (8/15)             Temple (0/1) D:5
   Lair: D:8-11

Altars:
Elyvilon
Kikubaaqudgha
Nemelex Xobeh
Okawaru
Sif Muna
Trog
Vehumet
Xom

Shops:
D:5 [

Annotations:
D:8 MessengerOfRage's ghost, novice SpEn


Innate Abilities, Weirdness & Mutations

You reflexively headbutt those who attack you in melee.
You have a pair of horns on your head.


Message History

MessengerOfRage's ghost says, "Ah, a second chance to prove myself in battle!"
MessengerOfRage's ghost casts a spell at you.
The spray of energy hits you!
You are confused.
MessengerOfRage's ghost hits you but does no damage.
You are more poisoned.
You're too confused!
You feel very sick. MessengerOfRage's ghost hits you.
* * * LOW HITPOINT WARNING * * *
You bump into the rock wall.
You feel very sick.
MessengerOfRage's ghost gestures at you while chanting.
You resist with almost no effort.
MessengerOfRage's ghost hits you but does no damage.
You are more poisoned.
You feel very sick.
MessengerOfRage's ghost casts a spell at you.
The spray of energy hits you!
You die...

... ....... ...
.... #.# ##o# #.#
###..# #.# ##...##
#.#####..### #
#.#.H†o.## ##
#..W##### ##≈ ##@##
#≈≈ #..######## #≈.
######..........
#≈≈#
#........######
#≈≈# ####...#..#
#≈≈# ##..##.###
##≈. ##.##.(.# #≈≈
#....#(# ##≈
#.##..(############


You could see a hippogriff and MessengerOfRage's ghost.

Vanquished Creatures
  Joseph (D:7)
  The ghost of Gargoyl the Chopper, an amateur MiBe of Trog (D:4)
  Grinder (D:5)
  Menkaure (D:7)
  3 orc warriors
  2 sky beasts
  An ice beast (D:4)
  An ogre (D:8)
  A phantom (D:5)
  2 centaurs
  A giant frog (D:6)
  A jelly (D:7)
  4 howler monkeys
  4 crimson imps
  2 giant frog skeletons
  A hound (D:4)
  7 orc priests
  Crazy Yiuf (D:2)
  10 orc wizards
  12 worker ants
  A gnoll (D:1)
  6 adders
  A shadow imp (D:8)
  An ooze (D:1)
  An adder skeleton (D:5)
  3 worms (D:3)
  4 dart slugs
  3 giant geckos
  28 orcs
  A ball python (D:5)
  11 giant cockroaches
  8 goblins
  13 hobgoblins
  7 jackals
  5 quokkas
  10 bats
  10 giant newts
  9 kobolds
  A quokka zombie (D:6)
  6 rats
186 creatures vanquished.

Vanquished Creatures (others)
  5 sheep (D:4)
5 creatures vanquished.

Grand Total: 191 creatures vanquished

Notes
Turn   | Place    | Note
--------------------------------------------------------------
     0 | D:1      | Ery the Minotaur Berserker began the quest for the Orb.
     0 | D:1      | Reached XP level 1. HP: 19/19 MP: 0/0
   118 | D:1      | Reached XP level 2. HP: 25/27 MP: 1/1
   226 | D:1      | Reached XP level 3. HP: 29/33 MP: 2/2
   305 | D:1      | Reached ** piety under Trog
   521 | D:1      | Reached skill level 3 in Armour
   804 | D:2      | Reached XP level 4. HP: 37/40 MP: 3/3
   834 | D:2      | Found a radiant altar of Vehumet.
   838 | D:2      | Found a sparkling altar of Nemelex Xobeh.
  1013 | D:2      | Found a white marble altar of Elyvilon.
  1347 | D:2      | Noticed Crazy Yiuf
  1361 | D:2      | Killed Crazy Yiuf
  1740 | D:3      | Reached XP level 5. HP: 27/47 MP: 4/4
  1745 | D:3      | Reached *** piety under Trog
  1755 | D:3      | Reached skill level 5 in Axes
  1755 | D:3      | Reached skill level 4 in Armour
  2711 | D:4      | Found an ancient bone altar of Kikubaaqudgha.
  2832 | D:4      | Noticed Gargoyl's ghost (amateur MiBe)
  2943 | D:4      | Reached XP level 6. HP: 35/53 MP: 5/5
  3292 | D:4      | Found a shimmering altar of Xom.
  3418 | D:4      | Killed Gargoyl's ghost
  3418 | D:4      | Reached skill level 5 in Fighting
  3418 | D:4      | Reached skill level 6 in Armour
  3418 | D:4      | Reached XP level 7. HP: 61/61 MP: 6/6
  3866 | D:4      | Reached skill level 7 in Armour
  3866 | D:4      | Reached skill level 1 in Stealth
  4122 | D:5      | Entered Level 5 of the Dungeon
  4421 | D:5      | Found Jetixucorch's Antique Armour Boutique.
  4443 | D:5      | Reached skill level 8 in Armour
  4463 | D:5      | Found a staircase to the Ecumenical Temple.
  4475 | D:5      | Noticed Grinder
  4511 | D:5      | Reached XP level 8. HP: 26/68 MP: 7/7
  4517 | D:5      | Killed Grinder
  4517 | D:5      | Reached **** piety under Trog
  5104 | D:6      | Reached skill level 9 in Armour
  5419 | D:6      | Received a gift from Trog
  6297 | D:7      | Reached skill level 10 in Armour
  6357 | D:7      | Noticed Joseph
  6366 | D:7      | Killed Joseph
  6366 | D:7      | Reached skill level 5 in Dodging
  6366 | D:7      | Reached XP level 9. HP: 75/75 MP: 8/8
  6593 | D:7      | Found a flagged portal.
  6668 | D:7      | Reached skill level 11 in Armour
  6672 | D:7      | Noticed Menkaure
  6682 | D:7      | Killed Menkaure
  6733 | D:7      | Found a bloodstained altar of Trog.
  6837 | D:7      | Found an iron altar of Okawaru.
  7535 | D:8      | Found a deep blue altar of Sif Muna.
  7545 | D:8      | Reached ***** piety under Trog
  7664 | D:8      | Noticed MessengerOfRage's ghost (novice SpEn)
  7846 | D:8      | Killed from afar by MessengerOfRage's ghost

Skill      XL: |  1  2  3  4  5  6  7  8  9 |
---------------+----------------------------+-----
Axes           | 4 5 6 7 8 |  8.8
Fighting       | 4 5 6 |  6.6
Armour         | 3 4 6 8 10 11 | 11.6
Dodging        | 3 4 5 |  5.5
Stealth        | 1 |  1.2

Action                   |  1- 3 |  4- 6 |  7- 9 || total
-------------------------+-------+-------+-------++-------
Melee: Hand axe          |    71 |   131 |   286 ||   488
       Headbutt          |    18 |    29 |    58 ||   105
       Battleaxe         |       |       |    99 ||    99
Invok: Trog's Hand       |       |     2 |     5 ||     7
       Berserk           |       |     2 |     7 ||     9
       Burn Spellbooks   |       |       |     2 ||     2
  Use: Scroll            |       |     8 |     8 ||    16
  Eat: Chunk             |       |     9 |    12 ||    21
       Fruit             |       |       |     2 ||     2
       Meat ration       |       |       |     2 ||     2
       Royal jelly       |       |       |     1 ||     1
       Beef jerky        |       |       |     1 ||     1
Armor: Animal skin       |    17 |       |       ||    17
       Chain mail        |    11 |    48 |   159 ||   218
       Scale mail        |       |     1 |       ||     1
       Plate armour      |       |       |    41 ||    41
Dodge: Dodged            |    50 |    67 |   188 ||   305
